 Dungeon Crawl Stone Soup version 0.24.0-10-g970556be89 (webtiles) character file.

Game seed: 14242370104288512875, levelgen mode: deterministic

7707 Inarius the Reanimator (level 11, -15/76 HPs)
             Began as a Mummy Necromancer on Nov 3, 2019.
             Was an Initiate of Gozag.
             Killed by the air
             ... invoked by Gastronok
              (32 damage)
             ... on level 9 of the Dungeon on Nov 4, 2019.
             The game lasted 00:35:51 (16143 turns).

Inarius the Reanimator (Mummy Necromancer)         Turns: 16143, Time: 00:35:51

Health: -15/76     AC:  9    Str: 12    XL:     11   Next: 0%
Magic:  1/21       EV: 14    Int: 17    God:    Gozag
Gold:   898        SH:  0    Dex: 13    Spells: 14/23 levels left

rFire    + . .     SeeInvis .   s - +6 dagger (elec)
rCold    + . .     Gourm    .   (no shield)
rNeg     + + +     Faith    .   h - +1 scale mail {rF+}
rPois    ∞         Spirit   .   (no helmet)
rElec    .         Reflect  .   m - +0 cloak
rCorr    .         Harm     .   (no gloves)
MR       +....                  (no boots)
Stlth    +.........             (no amulet)
HPRegen  0.22/turn              b - ring of protection from fire
MPRegen  0.17/turn              k - +4 ring of evasion

@: slowed, very slow
A: no food or potions, fire vulnerability, cold resistance 1, negative energy
resistance 3, torment resistance, unbreathing
a: Potion Petition, Call Merchant, Bribe Branch, Renounce Religion


You were on level 9 of the Dungeon.
You worshipped Gozag.
Gozag was pleased with you.
You were not hungry.

You visited 2 branches of the dungeon, and saw 11 of its levels.

You collected 1045 gold pieces.
You paid 147 gold pieces to Gozag.

Inventory:

Hand Weapons
 o - a +2 whip of freezing
 s - a +6 dagger of electrocution (weapon)
 z - a +1 demon blade of draining
Armour
 h - a +1 scale mail of fire resistance (worn)
 m - a +0 cloak (worn)
 y - a +0 robe of resistance
 B - the +0 robe of Yleinomm {rF+ rCorr Int+3}
   (You found it on level 9 of the Dungeon)

   It affects your intelligence (+3).
   It protects you from fire.
   It provides partial protection from all sources of acid and corrosion.
Magical Staves
 A - an uncursed staff of power
Jewellery
 a - an uncursed ring of protection from cold
 b - a ring of protection from fire (left hand)
 g - an uncursed ring of stealth
 k - a +4 ring of evasion (right hand)
Wands
 p - a wand of random effects (26)
 v - a wand of polymorph (8)
 x - a wand of paralysis (3)
Scrolls
 c - 6 scrolls of teleportation
 d - 4 scrolls of remove curse
 f - a scroll of immolation
 i - 3 scrolls of random uselessness
 l - a scroll of fear
 q - 3 scrolls of blinking
 r - a scroll of noise
 t - 3 scrolls of enchant armour
 u - a scroll of magic mapping {unknown}
 w - a scroll of amnesia


   Skills:
 + Level 3.6 Fighting
 + Level 0.3(1.0) Short Blades
 - Level 1.5(1.6) Long Blades
 - Level 4.0 Maces & Flails
 + Level 5.5 Armour
 + Level 2.7 Dodging
 - Level 2.0 Stealth
 + Level 6.9 Spellcasting
 * Level 2.3 Conjurations
 * Level 11.8 Necromancy
 + Level 3.4 Evocations


You had 14 spell levels left.
You knew the following spells:

 Your Spells              Type           Power        Failure   Level  Hunger
a - Pain                  Necr           ####         1%          1    N/A
b - Vampiric Draining     Necr           #####.....   1%          3    N/A
c - Animate Skeleton      Necr           N/A          1%          1    N/A
d - Iskenderun's Mystic   Conj           ##......     89%         4    N/A

Your spell library contained the following spells:

 Spells                   Type           Power        Failure   Level  Hunger
 Animate Dead             Necr           N/A          4%          4    N/A
 Magic Dart               Conj           ##..         21%         1    N/A
 Searing Ray              Conj           ##....       30%         2    N/A
 Sandblast                Erth           #.....       47%         1    N/A
 Passwall                 Tmut/Erth      #.......     63%         2    N/A
 Dazzling Spray           Conj/Hex       #.....       69%         3    N/A
 Stone Arrow              Conj/Erth      #.....       69%         3    N/A
 Force Lance              Conj/Tloc      #.......     97%         4    N/A
 Fulminant Prism          Conj/Hex       #.........   97%         4    N/A
 Petrify                  Tmut/Erth      #.......     99%         4    N/A
 Lee's Rapid Deconstruct  Erth           #.........   100%        5    N/A
 Regeneration             Chrm/Necr      Unusable     N/A         3    N/A

Dungeon Overview and Level Annotations

Branches:
Dungeon (10/15)            Temple (1/1) D:7
   Lair: D:8-11         Orc: D:9-12

Altars:
Ashenzari
Cheibriados
Dithmenos
Elyvilon
Fedhas
Gozag
Hepliaklqana
Kikubaaqudgha
Makhleb
Nemelex Xobeh
Okawaru
Qazlal
Ru
Trog
Uskayaw
Vehumet
Xom
Yredelemnul
Zin
The Shining One

Shops:
D:4 (   D:7 (

Annotations:
D:3 2 transporters, Menkaure
D:9 Gastronok


Innate Abilities, Weirdness & Mutations

You do not eat or drink.
Your flesh is vulnerable to fire.
You are immune to poison.
Your flesh is cold resistant. (rC+)
You are immune to negative energy. (rN+++)
You are immune to unholy pain and torment.
You can survive without breathing.


Message History

Aim: Gastronok, wearing a +0 hat of magic resistance (almost dead, lightly drained, chance to defeat MR: 0%)
Okay, then.
Unknown command.
Evoke which item? (* to show all) (? for menu, Esc to quit)
Aiming: Random Effects
Press: ? - help, Shift-Dir - straight line, f/p - Gastronok
Aim: Gastronok, wearing a +0 hat of magic resistance (almost dead, lightly drained) Gastronok seems to speed up.
Gastronok waves his eye-stalks in wide circles.
The air twists around and strikes you!!
* * * LOW HITPOINT WARNING * * *
Evoke which item? (* to show all) (? for menu, Esc to quit)
Aiming: Random Effects
Press: ? - help, Shift-Dir - straight line, f/p - Gastronok
Aim: Gastronok, wearing a +0 hat of magic resistance (almost dead, fast, lightly drained) Gastronok resists with almost no effort.
Gastronok waves his eye-stalks in wide circles.
The air twists around and strikes you!!
You die...
Your body crumbles into a pile of gold.

#....# ##..##....#
###..###...##....#
###....#....#....#
#...w..##...#.....
##..##..##.........
##...##.....#.......
###..#####....##....##
#...###.#............#
#...w@.n..##..........
###.#....#####........
###..######.........
#### #...........
##...##.....
#....##.#...
#..########. #### .


You could see Gastronok and a necrophage.

Vanquished Creatures
  Harold (D:10)
  2 two-headed ogres
  Pikel (D:3)
  4 hippogriffs
  Sigmund (D:5)
  A human (D:7)
  4 hogs (D:7)
  A hungry ghost (D:8)
  Duvessa (D:6)
  5 orc warriors
  2 ice beasts (D:5)
  A hornet zombie (D:6)
  2 sky beasts
  A black bear (D:6)
  3 phantoms
  2 ogres
  2 centaurs (D:8)
  A big kobold (D:8)
  A wyvern zombie (D:8)
  4 bullfrogs
  A gnoll sergeant (D:7)
  Dowan (D:6)
  2 scorpions (D:6)
  A howler monkey (D:7)
  A crimson imp (D:5)
  A bullfrog zombie (D:9)
  6 hounds
  A jelly (D:8)
  3 orc priests
  9 orc wizards
  2 bullfrog skeletons
  An iguana (D:9)
  6 worker ants
  3 hound skeletons
  A worker ant zombie (D:9)
  15 gnolls
  9 adders
  2 shadow imps
  An ooze (D:1)
  An adder zombie (D:9)
  7 worms
  2 dart slugs (D:1)
  8 leopard geckos
  32 orcs
  2 giant cockroaches (D:5)
  9 goblins
  9 hobgoblins
  13 jackals
  11 kobolds
  2 quokkas
  4 ball pythons
  8 bats
  3 frilled lizards
  A jackal skeleton (D:5)
  10 rats
228 creatures vanquished.

Vanquished Creatures (others)
  3 slaves (D:4)
  An orc priest (D:4)
  3 orcs (D:4)
  A plant (D:9)
8 creatures vanquished.

Grand Total: 236 creatures vanquished

Notes
Turn   | Place    | Note
-------+----------+-------------------------------------------
     0 | D:1      | Inarius the Mummy Necromancer began the quest for the Orb.
     0 | D:1      | Reached XP level 1. HP: 13/13 MP: 4/4
   120 | D:1      | Reached XP level 2. HP: 19/19 MP: 2/5
   800 | D:1      | Reached XP level 3. HP: 24/24 MP: 1/7
   989 | D:1      | Found a shimmering altar of Xom.
  1014 | D:1      | Found a stormy altar of Qazlal.
  1014 | D:1      | Found an ancient bone altar of Kikubaaqudgha.
  1016 | D:1      | Found a sacrificial altar of Ru.
  1016 | D:1      | Found a shimmering altar of Xom.
  1016 | D:1      | Found an opulent altar of Gozag.
  1216 | D:2      | Learned a level 3 spell: Vampiric Draining
  1380 | D:2      | Learned a level 1 spell: Animate Skeleton
  1660 | D:2      | Reached skill level 5 in Necromancy
  1660 | D:2      | Reached XP level 4. HP: 21/30 MP: 3/9
  1913 | D:2      | Found a faded altar of an unknown god.
  2842 | D:3      | Found an ancient bone altar of Kikubaaqudgha.
  2844 | D:3      | Found a transporter.
  2848 | D:3      | Noticed Menkaure
  2854 | D:3      | Found a basalt altar of Yredelemnul.
  2880 | D:3      | Found a transporter.
  2959 | D:3      | Reached XP level 5. HP: 30/35 MP: 9/11
  3258 | D:3      | Found a sparkling altar of Nemelex Xobeh.
  3258 | D:3      | Found a blossoming altar of Fedhas.
  3406 | D:3      | Noticed a moth of wrath
  3409 | D:3      | Found a bloodstained altar of Trog.
  4047 | D:4      | Noticed Pikel
  4047 | D:4      | Noticed a slave
  4047 | D:4      | Noticed a slave
  4047 | D:4      | Noticed a slave
  4049 | D:4      | Noticed a slave
  4433 | D:3      | Killed Pikel
  4433 | D:3      | Reached skill level 1 in Armour
  4433 | D:3      | Reached skill level 5 in Spellcasting
  4433 | D:3      | Reached skill level 7 in Necromancy
  4433 | D:3      | Reached XP level 6. HP: 26/42 MP: 0/14
  4433 | D:3      | Reached XP level 7. HP: 29/47 MP: 0/15
  5526 | D:4      | Found Hofuf's Antique Weapon Boutique.
  5743 | D:4      | Reached skill level 1 in Fighting
  5743 | D:4      | Reached skill level 1 in Maces & Flails
  6413 | D:5      | Entered Level 5 of the Dungeon
  6431 | D:5      | Found a shattered altar of Ashenzari.
  6499 | D:5      | Noticed Sigmund
  6621 | D:5      | Killed Sigmund
  6672 | D:5      | Reached XP level 8. HP: 46/54 MP: 5/17
  7149 | D:5      | Reached skill level 8 in Necromancy
  7660 | D:5      | Reached skill level 1 in Evocations
  7866 | D:6      | Noticed Duvessa
  7886 | D:6      | Noticed Dowan
  9022 | D:6      | Reached XP level 9. HP: 30/61 MP: 0/18
  9155 | D:6      | Found an iron altar of Okawaru.
  9155 | D:6      | Found a snail-covered altar of Cheibriados.
  9223 | D:6      | Reached skill level 9 in Necromancy
  9703 | D:6      | Killed Dowan
  9767 | D:6      | Killed Duvessa
 10307 | D:7      | Found Zyfoter's Antique Weapon Shoppe.
 11458 | D:7      | Found a staircase to the Ecumenical Temple.
 11502 | Temple   | Entered the Ecumenical Temple
 11718 | Temple   | Became a worshipper of Gozag Ym Sagoz the Greedy
 11858 | D:7      | Reached skill level 10 in Necromancy
 12219 | D:8      | Reached XP level 10. HP: 38/69 MP: 19/19
 12577 | D:8      | Learned a level 4 spell: Iskenderun's Mystic Blast
 12977 | D:8      | Found a hide-covered altar of Uskayaw.
 12980 | D:8      | Noticed a +0 hand axe
 12980 | D:8      | Noticed a -1 hand axe
 13680 | D:8      | Found a hazy altar of Hepliaklqana.
 13888 | D:9      | Noticed a two-headed ogre
 13910 | D:8      | Killed a two-headed ogre
 13910 | D:8      | Reached skill level 1 in Long Blades
 13910 | D:8      | Reached skill level 5 in Armour
 13910 | D:8      | Reached skill level 1 in Conjurations
 14166 | D:8      | Reached skill level 11 in Necromancy
 14812 | D:9      | Noticed Gastronok
 14855 | D:9      | HP: 3/70 [Gastronok/the air (21)]
 14868 | D:9      | Found a shimmering altar of Xom.
 14974 | D:9      | Got a steaming robe
 14985 | D:9      | Identified the cursed +0 robe of Yleinomm {rF+ rCorr Int+3}
                  | (You found it on level 9 of the Dungeon)
 15136 | D:10     | Entered Level 10 of the Dungeon
 15136 | D:10     | Noticed a two-headed ogre
 15142 | D:10     | Killed a two-headed ogre
 15468 | D:10     | Noticed Harold
 15843 | D:10     | Killed Harold
 15843 | D:10     | Reached XP level 11. HP: 54/76 MP: 21/21
 16143 | D:9      | Killed from afar by Gastronok

Levels and vault maps discovered:
D:1:      minmay_arrival_solitary_statue, layout_basic, doesnt_xom_only_xom
D:2:      layout_basic, chequers_ecumenical_altar_simple
D:3:      layout_loops_corners, gammafunk_temple_of_torment, tgw_trog,
          gammafunk_temple_overflow_wave
D:4:      layout_cave_pods, led_sif_book, first_ration, serial_shops,
          nicolae_shop_stone, uniq_menkaure, uniq_pikel
D:5:      layout_layer_cave, chequers_serial_rivers_small_b, ashenzari_altar_1,
          uniq_sigmund
D:6:      wander_river, layout_loops_corners, grunt_temple_overflow_open,
          minmay_increasing_density, uniq_duvessa
D:7:      layout_basic, temple_pool_b, serial_shops, nicolae_shop_trees,
          minivault_23, grunt_livestock, minmay_misc_feat_four_crosses
D:8:      layout_loops_corners, lemuel_crystal_altar, dancing_weapons_uskayaw
D:9:      corexii_shack_village, layout_cave_pools,
          nicolae_overflow_hidden_temple, lemuel_doored_altar, special_room
          [special_room_orc], chequers_mini_garden, uniq_gastronok
D:10:     minmay_cut_squares, layout_gridville, basic_altar, uniq_harold
Temple:   dpeg_chambers_temple

Skill      XL: |  1  2  3  4  5  6  7  8  9 10 |
---------------+-------------------------------+-----
Spellcasting   | 3 4 5 6 |  6.9
Necromancy     | 5 7 8 10 11 | 11.8
Armour         | 1 2 3 4 5 |  5.5
Dodging        | 2 |  2.7
Fighting       | 1 2 3 |  3.6
Maces & Flails | 1 2 3 4 |  4.0
Stealth        | 2 |  2.0
Evocations     | 2 3 |  3.4
Long Blades    | 1 |  1.5
Conjurations   | 2 |  2.3
Short Blades   | |  0.3

Action                   |  1- 3 |  4- 6 |  7- 9 | 10-12 || total
-------------------------+-------+-------+-------+-------++-------
Melee: Mace              |    23 |    66 |       |       ||    89
       Whip              |       |       |   493 |    38 ||   531
       Short sword       |       |       |    56 |    24 ||    80
       Demon blade       |       |       |       |    80 ||    80
       Dagger            |       |       |       |    83 ||    83
       Staff             |       |       |       |     7 ||     7
 Cast: Pain              |    85 |    89 |    61 |    60 ||   295
       Vampiric Draining |       |     5 |    57 |    55 ||   117
       Animate Skeleton  |       |       |     1 |       ||     1
Evoke: Wand              |       |       |    29 |     8 ||    37
  Use: Scroll            |       |       |     3 |    13 ||    16
 Stab: Sleeping          |       |     1 |     2 |       ||     3
       Distracted        |       |       |     1 |       ||     1
       Paralysed         |       |       |       |     9 ||     9
Armor: Robe              |     9 |     3 |       |       ||    12
       Leather armour    |       |    13 |    35 |       ||    48
       Scale mail        |       |       |   121 |   126 ||   247
Dodge: Dodged            |    38 |    81 |   438 |   224 ||   781
       Rpst.: Demon blade |       |       |       |    14 ||    14
